cohdb
Replays
Latest Replays
All Replays
Popular Replays
Top Player Replays
Match Explorer
How It Works
Community
CoH3 Stats
Reddit
Sign in to upload your games and track your stats! →
Sign in with Steam
Match 34593514
Unlisted
Match 34593514
Overview
Messages
Build Orders
End
Construct Infanterie Kompanie
Pioneer Squad
Grenadier Squad
Grenadier Squad
MG 42 Machine Gun Team
GrW 34 Mortar Team
Construct Luftwaffe Kompanie
221 Scout Car
Selects Mechanized Battlegroup
221 Scout Car
Medical Station
Selects Raid Package
Selects Mobile Repair Stations
Trainzz
jiro
0
0
Comments
sign in to comment!
No comments posted yet!